 Dungeon Crawl Stone Soup version 0.28.0-43-g3370ac3207 (webtiles) character file.

Game seed: 8749410142034530146

66 styxcanada the Sneak (level 3, 0/18 HPs)
             Began as a Spriggan Brigand on Mar 25, 2022.
             Slain by a goblin
             ... wielding a +4 dagger of flaming
             ... led by Robin
              (1 damage)
             ... on level 3 of the Dungeon.
             The game lasted 00:06:08 (1661 turns).

styxcanada the Sneak (Spriggan Brigand)             Turns: 1661, Time: 00:06:08

Health: 0/18       AC:  3    Str:  7    XL:     3   Next: 96%
Magic:  4/4        EV: 17    Int: 12    God:
Gold:   104        SH:  0    Dex: 18    Spells: 2/2 levels left

rFire   . . .      SeeInvis +   a - +2 dagger
rCold   . . .      Faith    .   (no shield)
rNeg    . . .      Spirit   .   b - +0 robe
rPois   .          Reflect  .   (helmet restricted)
rElec   .          Harm     .   c - +0 cloak
rCorr   .          Rampage  .   (gloves unavailable)
Will    +....                   (boots unavailable)
Stlth   ++++......              (no amulet)
HPRegen 0.06/turn               m - ring of willpower
MPRegen 0.09/turn               (no ring)

@: very quick
A: very small, no large weapons, unfitting armour, see invisible, speed 3
a: no special abilities


You were on level 3 of the Dungeon.
You visited 1 branch of the dungeon, and saw 3 of its levels.

You collected 104 gold pieces.

Inventory:

Hand Weapons
 a - a +2 dagger (weapon)
Missiles
 d - 11 poisoned darts (quivered)
 e - 2 curare-tipped darts
 f - 71 stones
 p - 14 sling bullets
Armour
 b - a +0 robe (worn)
 c - a +0 cloak (worn)
Jewellery
 m - a ring of willpower (left hand)
Scrolls
 h - a scroll of magic mapping {unknown}
 n - a scroll of amnesia {unknown}
 o - a scroll of fog {unknown}
Potions
 g - 2 potions of berserk rage {unknown}
 i - a potion of degeneration {unknown}
 j - a potion of flight {unknown}
 k - 2 potions of heal wounds {unknown}
 l - a potion of curing {unknown}


   Skills:
 * Level 1.9 Fighting
 + Level 2.8 Short Blades
 + Level 2.6 Throwing
 * Level 1.9 Dodging
 * Level 7.0 Stealth


You had 2 spell levels left.
You didn't know any spells.
Your spell library was empty.

Dungeon Overview and Level Annotations

Branches:
Dungeon (3/15)

Altars:

Shops:
D:1 (

Annotations:
D:3 Robin


Innate Abilities, Weirdness & Mutations

You are very small and have problems with some larger weapons.
You are too small for most types of armour.
You have supernaturally acute eyesight. (SInv)
You cover ground extremely quickly. (Speed+++)


Message History

You hit the rat but do no damage. The rat barely misses you.
Robin throws the goblin at you! The goblin misses you.
You hit the rat.
The rat is moderately wounded.
The rat completely misses you. Robin throws the goblin at you!
The goblin misses you. The goblin hits you with a +0 dagger.
A goblin comes into view. It is wielding a +0 club.
The rat closely misses you. The goblin closely misses you. x2
You see here a +0 club.
There is an open door here.
There is a stone staircase leading up here.
The goblin no longer looks unusually strong.
The goblin no longer looks unusually strong.
You hit the goblin.
The goblin is heavily wounded.
You hit the goblin.
You kill the goblin!
You hit the rat.
The rat is severely wounded.
The goblin no longer looks unusually strong.
The rat barely misses you.
You hit the rat.
You kill the rat!
Robin roars a battlecry!
The goblins go into a battle-frenzy!
You hit the goblin.
You kill the goblin!
Your Stealth skill increases to level 7!
You hit the goblin.
The goblin is heavily wounded.
The goblin closely misses you.
You closely miss the goblin.
The goblin is heavily wounded.
The goblin hits you with a +4 dagger of flaming.
The goblin burns you.
* * * LOW HITPOINT WARNING * * *
The goblin hits you with a +4 dagger of flaming.
* * * LOW HITPOINT WARNING * * *
The goblin burns you.
You die...

### #@#
#g# #S#
#g# #g#
#g# #.#
#.#
##'#####


You could see Robin, an adder, a hobgoblin (strong) and 2 goblins.

Vanquished Creatures
  2 adders (D:2)
  2 worms (D:2)
  3 bats (D:1)
  4 endoplasms
  4 goblins
  2 hobgoblins (D:1)
  7 jackals
  2 kobolds
  5 ball pythons
  A frilled lizard (D:2)
  5 rats
37 creatures vanquished.

Notes
Turn   | Place    | Note
-------+----------+-------------------------------------------
     0 | D:1      | styxcanada the Spriggan Brigand began the quest for the
                  | Orb.
     0 | D:1      | Reached XP level 1. HP: 10/10 MP: 2/2
    12 | D:1      | Found Qorphenint's Weapon Emporium.
    17 | D:1      | Reached skill level 6 in Stealth
    64 | D:1      | Reached XP level 2. HP: 9/15 MP: 3/3
   723 | D:1      | Found a faded altar of an unknown god.
   957 | D:2      | Reached XP level 3. HP: 15/18 MP: 4/4
  1634 | D:3      | Noticed Robin
  1659 | D:3      | Reached skill level 7 in Stealth
  1661 | D:3      | Slain by a goblin

Illustrated notes

Levels and vault maps discovered:
D:1:      scummos_arrival_simple_fountains, layout_rooms,
          hellmonk_ecumenical_altar_zigzags, serial_shops,
          nicolae_shop_bloodbath_and_beyond, serial_park_tiny_pond
D:2:      layout_basic, minmay_liquid_box
D:3:      layout_basic, kennysheep_vampire_church, kennysheep_generic_room_8,
          uniq_robin

Skill      XL: |  1  2  3 |
---------------+----------+-----
Stealth        | 6 7 |  7.0
Fighting       | |  1.9
Short Blades   | |  2.8
Throwing       | |  2.6
Dodging        | |  1.9

Action                   || total
-------------------------++-------
Melee: Dagger            ||    99
       Punch             ||     1
Throw: Dart              ||    19
 Stab: Sleeping          ||     8
Armor: Robe              ||    14
Dodge: Dodged            ||    69
